 Dungeon Crawl Stone Soup version 0.31-a0-743-g45f7035092 (webtiles) character file.

Game seed: 5926832531648726692

205 javelincjr the Conjurer (level 5, -15/31 HPs)
             Began as an Octopode Conjurer on Sept 12, 2023.
             Demolished by Menkaure (17 damage)
             ... on level 4 of the Dungeon.
             The game lasted 00:05:13 (2485 turns).

javelincjr the Conjurer (Octopode Conjurer)         Turns: 2485, Time: 00:05:14

Health: -15/31     AC:  1    Str:  6    XL:     5   Next: 83%
Magic:  4/9        EV: 14    Int: 22    God:
Gold:   243        SH:  0    Dex: 17    Spells: 7/10 levels left

rFire   . . .        i - +1 sling (drain)
rCold   . . .        (no shield)
rNeg    . . .        (helmet restricted)
rPois   .            (no amulet)
rElec   .            l - +6 ring of dexterity
rCorr   .            (no ring)
SInv    .            (no ring)
Will    .....        (no ring)
Stlth   ++++         (no ring)
HPRegen 0.25/turn    (no ring)
MPRegen 0.11/turn    (no ring)
                     (no ring)

%: no passive effects
@: no status effects
A: almost no armour, amphibious, 8 rings, camouflage 1, gelatinous body 1,
(nimble swimmer 1), tentacles
a: no special abilities


You were on level 4 of the Dungeon.
You visited 1 branch of the dungeon, and saw 4 of its levels.

You collected 243 gold pieces.

Inventory:

Hand Weapons
 i - a +1 sling of draining (weapon)
 j - a +1 vampiric dagger
Magical Staves
 b - a staff of cold
Jewellery
 l - a +6 ring of dexterity (left tentacle)
Wands
 m - a wand of iceblast (9)
Scrolls
 c - 5 scrolls of identify {unknown}
 h - a scroll of teleportation {unknown}
 n - 2 scrolls of revelation {unknown}
Potions
 a - a potion of magic
 d - a potion of curing {unknown}
 e - a potion of attraction {unknown}
 f - 2 potions of mutation {unknown}
 g - a potion of cancellation {unknown}
 k - a potion of might {unknown}


   Skills:
 + Level 1.2 Ranged Weapons
 + Level 3.0 Dodging
 + Level 4.2 Stealth
 * Level 3.2 Spellcasting
 * Level 4.9 Conjurations


You had 7 spell levels left.
You knew the following spells:

 Your Spells              Type           Power      Damage    Failure   Level
a - Magic Dart            Conj           100%       1d8       1%          1
b - Searing Ray           Conj           50%        2d6       2%          2

Your spell library contained the following spells:

 Spells                   Type           Power      Damage    Failure   Level
 Dazzling Flash           Conj/Hex       28%        N/A       13%         3
 Fulminant Prism          Conj/Hex       7%         3d7       41%         4
 Iskenderun's Mystic Bla  Conj/Tloc      14%        2d5       41%         4


Dungeon Overview and Level Annotations

Branches:
Dungeon (4/15)
 Temple: D:4-7

Altars:
Ashenzari
Fedhas
Makhleb
Uskayaw

Annotations:
D:4 Menkaure


Innate Abilities, Weirdness & Mutations

You cannot wear most types of armour.
You are amphibious.
You can wear up to eight rings at the same time.
Your skin changes colour to match your surroundings (Stealth+).
Your rubbery body absorbs attacks. (AC +1, EV +1)
((You are camouflaged when in or above water. (Stealth+)))
You have tentacles for arms and can constrict up to eight enemies at once.


Message History

There is an open door here.
There is a stone staircase leading down here.
There is an open door here.
There is an open door here.
You open the door.
There is an open door here.
There is an open door here.
There is an open door here.
There is an open door here.
There is an open door here.
There is an open door here.
You enter the deep water.
You enter the deep water.
You open the door.
There is an open door here.
You open the door.
Menkaure, Prince of Dust comes into view.
Casting: Searing Ray (safe; 2% risk of failure)
Confirm with . or Enter, or press ? or * to list all spells.
Aiming: Searing Ray (safe; 2% risk of failure)
Press: ? - help, Shift-Dir - straight line, f - Menkaure
Aim: Menkaure (90% to hit)
The searing ray hits Menkaure.
Menkaure is lightly damaged. (Press . to maintain the ray.) Menkaure mumbles some strange words.
Menkaure seems to speed up.
The searing ray hits Menkaure!
Menkaure is moderately damaged.
Menkaure calls on the powers of darkness!
Your body is wracked with pain!
The searing ray misses Menkaure.
Menkaure hits you!
Ouch! That really hurt!
* * * LOW HITPOINT WARNING * * *
The searing ray hits Menkaure.
Menkaure is moderately damaged.
You finish channelling your searing ray.
Menkaure hits you!
Ouch! That really hurt!
You die...

#......# #......#
#######....########
.....##....##.....##+
............#.......
............# .....
............# ...
########)..#####M#######
.....###...###..@........
.............#............
.............#............
.............'..........(.
########.....#............
........#.....#..........
........#.....#.........#
........##...##.....+###
.........#...#.........#


You could see Menkaure (fast).

Vanquished Creatures
  Eustachio (D:4)
  An adder (D:2)
  An ufetubus (D:4)
  A worm (D:2)
  2 dart slugs
  5 orcs
  5 bats
  4 endoplasms (D:1)
  A giant cockroach (D:1)
  3 goblins
  A hobgoblin (D:3)
  2 jackals (D:4)
  5 ball pythons
  2 frilled lizards
  4 kobolds
  5 rats
43 creatures vanquished.

Notes
Turn   | Place    | Note
-------+----------+-------------------------------------------
     0 | D:1      | javelincjr the Octopode Conjurer began the quest for the
                  | Orb.
     0 | D:1      | Reached XP level 1. HP: 11/11 MP: 3/3
   164 | D:1      | Reached XP level 2. HP: 17/17 MP: 3/5
   633 | D:2      | Reached XP level 3. HP: 15/21 MP: 0/6
   695 | D:2      | Learned a level 2 spell: Searing Ray
  1851 | D:4      | Reached XP level 4. HP: 27/27 MP: 7/7
  1927 | D:4      | Found a hide-covered altar of Uskayaw.
  1939 | D:4      | Found a burning altar of Makhleb.
  2029 | D:4      | Noticed Eustachio
  2040 | D:4      | Killed Eustachio
  2041 | D:4      | Reached skill level 1 in Ranged Weapons
  2041 | D:4      | Reached XP level 5. HP: 8/31 MP: 0/9
  2161 | D:4      | Found a broken altar of Ashenzari.
  2270 | D:4      | Found a blossoming altar of Fedhas.
  2481 | D:4      | Noticed Menkaure
  2485 | D:4      | Demolished by Menkaure

Illustrated notes

Levels and vault maps discovered:
D:1:      lemuel_arrival_rhombus, layout_basic
D:2:      layout_loops_ring, minmay_pentomino_w2
D:3:      layout_basic
D:4:      layout_gridville, nicolae_ashenzari_panopticon,
          nicolae_overflow_squiral, amcnicky_altar_gilded, uniq_menkaure,
          uniq_natasha, uniq_eustachio

Skill      XL: |  1  2  3  4 |
---------------+-------------+-----
Stealth        | 3 4 |  4.2
Ranged Weapons | 1 |  1.2
Dodging        | 3 |  3.0
Spellcasting   | 3 |  3.2
Conjurations   | |  4.9

Action                     |  1- 3 |  4- 6 || total
---------------------------+-------+-------++-------
  Melee: Unarmed           |     1 |       ||     1
         Constrict         |     1 |       ||     1
         Tentacles         |     1 |       ||     1
   Fire: Sling             |    16 |    15 ||    31
   Cast: Magic Dart        |    51 |       ||    51
         Searing Ray       |       |     3 ||     3
  Evoke: Wand              |       |     1 ||     1
 Armour: Skin              |     7 |     7 ||    14
  Dodge: Dodged            |    11 |     4 ||    15

Table legend: (Time is in decaauts)
 A = Elapsed time spent in this place.
 B = Non-inter-level travel time spent in this place.
 C = Inter-level travel time spent in this place.
 D = Time resting spent in this place.
 E = Time spent auto-exploring this place.
 F = Levels seen in this place.
 G = Mean time per level.
                   A        B        C        D        E       F      G
               +--------+--------+--------+--------+--------+-----+--------+
         Total |   2495 |   2437 |     58 |     76 |   2123 |   4 |  623.8 |
       Dungeon |   2495 |   2437 |     58 |     76 |   2123 |   4 |  623.8 |
               +--------+--------+--------+--------+--------+-----+--------+

Top non-repeatable levels by time:
     D:2: 757 daAuts
     D:4: 650 daAuts
     D:1: 550 daAuts
     D:3: 538 daAuts
